 Dungeon Crawl Stone Soup version 0.29.0-4-gdea44cf6ec (webtiles) character file.

Game seed: 7979508705320736636

22 qw the Chopper (level 2, -5/17 HPs)
             Began as a Tengu Warper on Aug 28, 2022.
             Slain by Natasha (7 damage)
             ... on level 2 of the Dungeon.
             The game lasted 00:00:02 (823 turns).

qw the Chopper (Tengu Warper)                        Turns: 823, Time: 00:00:03

Health: -5/17      AC: 10    Str: 11    XL:     2   Next: 91%
Magic:  6/6        EV:  2    Int: 13    God:
Gold:   35         SH:  0    Dex: 13    Spells: 5/5 levels left

rFire   . . .      SeeInvis .   Y - +1 hand axe
rCold   . . .      Faith    .   (no shield)
rNeg    . . .      Spirit   .   h - +0 plate armour
rPois   .          Reflect  .   (helmet restricted)
rElec   .          Harm     .   (no cloak)
rCorr   .          Rampage  .   (no gloves)
Will    .....                   (boots unavailable)
Stlth   ..........              (no amulet)
HPRegen 0.05/turn               (no ring)
MPRegen 0.10/turn               (no ring)

@: no status effects
A: beak, talons 3
a: no special abilities


You were on level 2 of the Dungeon.
You visited 1 branch of the dungeon, and saw 2 of its levels.

You collected 35 gold pieces.


Innate Abilities, Weirdness & Mutations

You have a beak for a mouth.
You have claws for feet.


   Skills:
 - Level 2.0 Fighting
 + Level 3.6 Axes
 - Level 1.0 Throwing
 - Level 1.1 Armour
 - Level 2.1 Dodging
 - Level 2.0 Spellcasting
 - Level 2.4 Translocations


You had 5 spell levels left.
You didn't know any spells.
Your spell library contained the following spells:

 Spells                   Type           Power      Damage    Failure   Level
 Blink                    Tloc           14%        N/A       100%        2
 Gell's Gravitas          Tloc           7%         N/A       100%        3
 Lesser Beckoning         Tloc           7%         N/A       100%        3
 Teleport Other           Tloc           7%         N/A       100%        3
 Manifold Assault         Tloc           7%         N/A       100%        5

Inventory:

Hand Weapons
 f - a +0 mace
 Y - a +1 hand axe (weapon)
Missiles
 g - 5 boomerangs (quivered)
Armour
 h - a +0 plate armour (worn)
Potions
 d - a potion of curing {unknown}
 e - a potion of attraction {unknown}

Dungeon Overview and Level Annotations

Branches:
Dungeon (2/15)

Altars:

Annotations:
D:2 Natasha


Message History

(2) D:1 Assign waypoint to what number? (0-9, D - delete waypoint) Waypoint 1 assigned to D:2.
Enter note: Natasha howls an incantation.
You feel troubled.
Natasha stares at you and mumbles some strange words.
The magic dart hits you.
Natasha mumbles some strange words.
You hit the white imp. Your kick misses the white imp.
The white imp is heavily wounded.
You closely miss Natasha. Natasha claws you but does no damage.
The white imp hits you but does no damage.
You hit the white imp.
You claw the white imp, but do no damage.
The white imp is severely wounded.
You hit Natasha but do no damage. Natasha claws you but does no damage.
The white imp hits you but does no damage.
You closely miss the white imp.
You claw the white imp, but do no damage.
The white imp is severely wounded.
You hit Natasha. Natasha casts a spell at you. The magic dart hits you!
Ouch! That really hurt!
The white imp hits you but does no damage.
You hit the white imp.
You peck the white imp, but do no damage.
The white imp is almost dead.
You hit Natasha but do no damage. Natasha claws you but does no damage.
The white imp hits you but does no damage.
You hit the white imp.
You kill the white imp!
The white imp disappears in a puff of smoke!
You hit Natasha. Natasha claws you!
You die...

### #.. #####.#
.##.....#
........#######
.......<.......
.........<#####
.#....ยค...#
#.....@..#
#.....h..#
#..?.....#
#####..#.#
#..#.# ...#.#
...#.# ....#


You could see Natasha.

Vanquished Creatures
  A dart slug (D:1)
  4 ball pythons (D:1)
  An endoplasm (D:1)
  2 giant cockroaches (D:1)
  A hobgoblin (D:1)
  A quokka (D:1)
  3 bats (D:1)
  5 frilled lizards (D:1)
  2 rats (D:1)
20 creatures vanquished.

Notes
Turn   | Place    | Note
-------+----------+-------------------------------------------
     0 | D:1      | qw the Tengu Warper began the quest for the Orb.
     0 | D:1      | Reached XP level 1. HP: 12/12 MP: 4/4
     0 | D:1      | 0 ||| qw: Version: 0.1-a-89-g26bdef1
     0 | D:1      | 0 ||| qw: Game counter: 1439
     0 | D:1      | 0 ||| qw: Always use a shield: true
     0 | D:1      | 0 ||| qw: God list: Okawaru
     0 | D:1      | 0 ||| qw: Allow faded altars: false
     0 | D:1      | 0 ||| qw: Do Orc after D:15 true
     0 | D:1      | 0 ||| qw: Do second Lair branch before Depths: true
     0 | D:1      | 0 ||| qw: Lair rune preference: random
     0 | D:1      | 0 ||| qw: Plans: Normal
     0 | D:1      | 0 ||| PLANNING D:1-11
    46 | D:1      | 46 ||| Stepping ~*~*~tactically~*~*~ (stealth).
    56 | D:1      | Reached XP level 2. HP: 14/17 MP: 6/6
    73 | D:1      | Reached skill level 3 in Axes
   540 | D:1      | Found a faded altar of an unknown god.
   756 | D:1      | 756 ||| UPGRADING to +0 plate armour.
   766 | D:1      | 766 ||| DROPPING +0 leather armour.
   767 | D:1      | 767 ||| READING scroll labelled KUUN GOURCH.
   768 | D:1      | 768 ||| DROPPING scroll of blinking.
   815 | D:2      | Noticed Natasha
   821 | D:2      | HP: 2/17 [Natasha/magic dart (10)]
   823 | D:2      | Slain by Natasha

Levels and vault maps discovered:
D:1:      dpeg_arrival_refuge, layout_loops_ring,
          shapermc_ecumenical_altar_mp_vishouse
D:2:      layout_basic, uniq_natasha

Skill      XL: |  1  2 |
---------------+-------+-----
Axes           | 3 |  3.6
Fighting       | |  2.0
Throwing       | |  1.0
Armour         | |  1.1
Dodging        | |  2.1
Spellcasting   | |  2.0
Translocations | |  2.4

Action                   || total
-------------------------++-------
Melee: Hand axe          ||    30
       Kick              ||     9
       Peck              ||     5
Throw: Boomerang         ||    21
  Use: Scroll            ||     1
Armor: Leather armour    ||    11
       Plate armour      ||     7
Dodge: Dodged            ||    14

Table legend:
 A = Non-vault XP
 B = Vault XP
 C = Vault XP percentage of total XP
 D = Non-vault monster count
 E = Vault monster count
 F = Vault count percentage of total count
                 A         B        C        D         E       F
            +---------+---------+-------+---------+---------+-------
      Total |      32 |       0 |   0.0 |      20 |       0 |   0.0
            +---------+---------+-------+---------+---------+-------
        D:1 |      32 |       0 |   0.0 |      20 |       0 |   0.0
            +---------+---------+-------+---------+---------+-------
